 Dungeon Crawl Stone Soup version 0.31.0-12-g77e489cdc1 (webtiles) character file.

Game seed: 90903496874181010

876 Amka the Covert (level 8, -1/50 HPs)
             Began as an Octopode Ice Elementalist on Feb 12, 2024.
             Incinerated by a bombardier beetle (5 damage)
             ... with a burning spray
             ... on level 6 of the Dungeon.
             The game lasted 00:11:36 (4975 turns).

Amka the Covert (Octopode Ice Elementalist)         Turns: 4975, Time: 00:11:36

Health: -1/50      AC:  1    Str:  7    XL:     8   Next: 4%
Magic:  7/12       EV: 13    Int: 25    God:
Gold:   231        SH:  5    Dex: 13    Spells: 7/13 levels left

rFire   . . .        b - +0 dagger
rCold   . . .        (no shield)
rNeg    . . .        (helmet restricted)
rPois   .            k - amulet of reflection
rElec   .            I - +6 ring of intelligence
rCorr   .            (no ring)
SInv    .            (no ring)
Will    .....        (no ring)
Stlth   ++           (no ring)
HPRegen 0.28/turn    (no ring)
MPRegen 0.13/turn    (no ring)
                     (no ring)

%: reflection
@: on fire, glowing
A: almost no armour, amphibious, 8 rings, camouflage 1, gelatinous body 1,
(nimble swimmer 1), tentacles
a: no special abilities


You were on level 6 of the Dungeon.
You visited 1 branch of the dungeon, and saw 6 of its levels.

You collected 231 gold pieces.


Innate Abilities, Weirdness & Mutations

You cannot wear most types of armour.
You are amphibious.
You can wear up to eight rings at the same time.
Your skin changes colour to match your surroundings (Stealth+).
Your rubbery body absorbs attacks. (AC +1, EV +1)
((You are camouflaged when in or above water. (Stealth+)))
You have tentacles for arms and can constrict up to eight enemies at once.


   Skills:
 + Level 2.0 Fighting
 - Level 2.0 Dodging
 + Level 8.5 Stealth
 - Level 3.0 Spellcasting
 - Level 1.0 Hexes
 + Level 0.2 Summonings
 + Level 6.9 Ice Magic


You had 7 spell levels left.
You knew the following spells:

 Your Spells              Type           Power      Damage    Failure   Level
b - Summon Ice Beast      Ice/Summ       21%        N/A       7%          3
e - Ensorcelled Hibernat  Hex/Ice        46%        N/A       3%          2
f - Freeze                Ice            100%       1d10      1%          1

Your spell library contained the following spells:

 Spells                   Type           Power      Damage    Failure   Level
 Frozen Ramparts          Ice            76%        1d12      1%          3
 Ozocubu's Armour         Ice            38%        N/A       1%          3
 Sandblast                Erth           6%         2d5       10%         1
 Mercury Vapours          Alch/Air       6%         N/A       16%         2
 Mephitic Cloud           Conj/Alch/Air  3%         N/A       30%         3
 Passwall                 Erth           3%         N/A       30%         3
 Stone Arrow              Conj/Erth      6%         3d7       30%         3
 Swiftness                Air            3%         N/A       30%         3
 Brom's Barrelling Bould  Conj/Erth      3%         2d3       69%         4
 Freezing Cloud           Conj/Ice/Air   7%         6-21      73%         5

Inventory:

Hand Weapons
 a - a +0 spear
 b - a +0 dagger (weapon)
Jewellery
 k - an amulet of reflection (around mantle)
 p - an amulet of magic regeneration
 I - a +6 ring of intelligence (left tentacle)
Scrolls
 c - a scroll of noise {unknown}
 e - 4 scrolls of blinking {unknown}
 i - a scroll of fear {unknown}
 o - a scroll of amnesia {unknown}
 q - a scroll of revelation {unknown}
 r - a scroll of poison {unknown}
Potions
 d - a potion of magic
 f - 3 potions of might
 g - 3 potions of curing {@q1}
 h - a potion of enlightenment {unknown}
 j - a potion of berserk rage {!q}
 l - a potion of brilliance {unknown}
 n - 2 potions of lignification {unknown}

Dungeon Overview and Level Annotations

Branches:
Dungeon (6/15)
 Temple: D:4-7

Altars:
Kikubaaqudgha
Makhleb

### ..# #.#
#†# #@# #.#
#.###.####.#
#..........#
#####.######
#.# . #.#
#.<.#####.#
#......<..#


There were no monsters in sight!


Message History

Aiming: Ensorcelled Hibernation (safe; 3% risk of failure)
Press: ? - help, Shift-Dir - straight line, f/p - bombardier beetle
Aim: a bombardier beetle (chance to affect: 55%)
The bombardier beetle looks drowsy...
The liquid fire burns you!
You shake off some of the fire as you move.
The liquid fire burns you!
The helpless bombardier beetle fails to defend itself.
You impale the bombardier beetle!!
You kill the bombardier beetle!
The liquid fire burns you! The liquid fire burns you!
Unknown command.
The liquid fire burns you!
* * * LOW HITPOINT WARNING * * *
Unknown command.
The liquid fire burns you!
* * * LOW HITPOINT WARNING * * *
Unknown command.
The liquid fire burns you!
* * * LOW HITPOINT WARNING * * *
Unknown command.
The liquid fire burns you!
* * * LOW HITPOINT WARNING * * *
Unknown command.
The liquid fire burns you!
* * * LOW HITPOINT WARNING * * *
Unknown command.
The liquid fire burns you!
You die...

Skill      XL: |  1  2  3  4  5  6  7 |
---------------+----------------------+-----
Fighting       | 1 2 |  2.0
Stealth        | 3 5 7 8 |  8.5
Ice Magic      | 5 6 |  6.9
Hexes          | 1 |  1.0
Spellcasting   | 3 |  3.0
Dodging        | |  2.0
Summonings     | |  0.2

Action                     |  1- 3 |  4- 6 |  7- 9 || total
---------------------------+-------+-------+-------++-------
  Melee: Unarmed           |    14 |       |       ||    14
         Constrict         |    19 |    23 |    10 ||    52
         Short sword       |     5 |       |       ||     5
         Tentacles         |    13 |    19 |     9 ||    41
         Spear             |    57 |     8 |       ||    65
         Dagger            |       |    95 |    41 ||   136
   Cast: Ensorcelled Hiber |       |    12 |    20 ||    32
         Freeze            |       |       |    12 ||    12
    Use: Scroll            |       |     4 |     2 ||     6
         Potion            |       |     1 |       ||     1
   Stab: Sleeping          |     5 |    16 |    10 ||    31
         Distracted        |       |     2 |       ||     2
 Armour: Skin              |    23 |    49 |    31 ||   103
  Dodge: Dodged            |    36 |    58 |    36 ||   130
  Block: Other             |     1 |    22 |    11 ||    34

Levels and vault maps discovered:
D:1:      amcnicky_arrival_underground_garden, layout_rooms,
          minmay_tiny_reverse_x
D:2:      layout_basic, fountainhead
D:3:      layout_loops_ring, lemuel_tele_altar, uniq_sigmund
D:4:      layout_rooms, kennysheep_mini
D:5:      minmay_angry_zag, layout_cave_pools
D:6:      layout_loops_ring, kennysheep_mini_moat,
          nicolae_tso_swordbearing_angel, minmay_temple_entry_arrows,
          enter_ossuary_5, uniq_blork_the_orc, uniq_duvessa, uniq_eustachio,
          uniq_grinder

Notes
Turn   | Place    | Note
-------+----------+-------------------------------------------
     0 | D:1      | Amka the Octopode Ice Elementalist began the quest for the
                  | Orb.
     0 | D:1      | Reached XP level 1. HP: 11/11 MP: 3/3
   298 | D:1      | Reached skill level 1 in Fighting
   410 | D:1      | Reached XP level 2. HP: 18/18 MP: 5/5
   541 | D:1      | Reached skill level 2 in Fighting
   682 | D:2      | Reached skill level 3 in Stealth
   730 | D:2      | Reached XP level 3. HP: 24/24 MP: 6/6
  1020 | D:2      | You fall into a shaft and drop 2 floors!
  1064 | D:4      | Reached XP level 4. HP: 22/29 MP: 7/7
  1138 | D:3      | Noticed Sigmund
  1166 | D:3      | Learned a level 2 spell: Ensorcelled Hibernation
  1335 | D:3      | Reached skill level 5 in Ice Magic
  1765 | D:3      | Identified the +0 scale mail of Anaesthesia {+Blink rF-
                  | rCorr Dex+3}
  1799 | D:3      | Found a burning altar of Makhleb.
  1868 | D:3      | Reached skill level 1 in Hexes
  2335 | D:3      | Killed Sigmund
  2336 | D:3      | Reached skill level 5 in Stealth
  2336 | D:3      | Reached skill level 3 in Spellcasting
  2336 | D:3      | Reached XP level 5. HP: 14/34 MP: 2/9
  2336 | D:3      | Reached XP level 6. HP: 16/39 MP: 2/10
  2645 | D:4      | Reached skill level 6 in Stealth
  2730 | D:4      | Found an ancient bone altar of Kikubaaqudgha.
  2922 | D:4      | Reached skill level 7 in Stealth
  3006 | D:5      | Entered Level 5 of the Dungeon
  3075 | D:5      | HP: 2/39 [orc/+0 trident (6)]
  3080 | D:5      | HP: 2/39 [orc/+0 flail (2)]
  3538 | D:5      | Reached XP level 7. HP: 45/45 MP: 8/11
  3701 | D:5      | Reached skill level 6 in Ice Magic
  4106 | D:4      | HP: 3/45 [orc/+0 club (4)]
  4504 | D:5      | Reached skill level 8 in Stealth
  4768 | D:5      | Reached XP level 8. HP: 46/50 MP: 5/12
  4845 | D:5      | Learned a level 3 spell: Summon Ice Beast
  4974 | D:6      | HP: 4/50 [burnt (4)]
  4975 | D:6      | Incinerated by a bombardier beetle

Vanquished Creatures
  Sigmund (D:3)
  2 ogres (D:5)
  2 scorpions
  A hound (D:5)
  An orc priest (D:5)
  A bombardier beetle (D:6)
  A jelly (D:5)
  2 iguanas (D:4)
  2 orc wizards
  4 gnolls
  8 adders
  A shadow imp (D:5)
  A dart slug (D:4)
  2 ribbon worms (D:2)
  13 orcs
  5 ball pythons
  5 bats (D:2)
  3 endoplasms
  3 giant cockroaches (D:2)
  8 goblins
  6 hobgoblins
  2 jackals (D:2)
  4 kobolds
  A quokka (D:5)
  3 frilled lizards
  4 rats
86 creatures vanquished.

Table legend: (Time is in decaauts)
 A = Elapsed time spent in this place.
 B = Non-inter-level travel time spent in this place.
 C = Inter-level travel time spent in this place.
 D = Time resting spent in this place.
 E = Time spent auto-exploring this place.
 F = Levels seen in this place.
 G = Mean time per level.
                   A        B        C        D        E       F      G
               +--------+--------+--------+--------+--------+-----+--------+
         Total |   4984 |   4779 |    205 |   1890 |   1982 |   6 |  830.7 |
       Dungeon |   4984 |   4779 |    205 |   1890 |   1982 |   6 |  830.7 |
               +--------+--------+--------+--------+--------+-----+--------+

Top non-repeatable levels by time:
     D:4: 1635 daAuts
     D:3: 1052 daAuts
     D:5: 843 daAuts
     D:2: 771 daAuts
     D:1: 661 daAuts
     D:6: 20 daAuts

Table legend:
 A = Non-vault XP
 B = Vault XP
 C = Vault XP percentage of total XP
 D = Non-vault monster count
 E = Vault monster count
 F = Vault count percentage of total count
                 A         B        C        D         E       F
            +---------+---------+-------+---------+---------+-------
      Total |     885 |     367 |  29.3 |      81 |       5 |   5.8
            +---------+---------+-------+---------+---------+-------
        D:1 |      15 |       4 |  21.1 |       9 |       2 |  18.2
        D:2 |      59 |       0 |   0.0 |      18 |       0 |   0.0
        D:3 |      23 |     231 |  90.9 |      14 |       1 |   6.7
        D:4 |     305 |       0 |   0.0 |      18 |       0 |   0.0
        D:5 |     441 |     132 |  23.0 |      21 |       2 |   8.7
        D:6 |      42 |       0 |   0.0 |       1 |       0 |   0.0
            +---------+---------+-------+---------+---------+-------
